 Dungeon Crawl Stone Soup version 0.31-a0-1300-gb6740aa4e6 (webtiles) character file.

Game seed: 8564337593478398298

129 LeprechaunX the Changeling (level 5, -1/34 HPs)
             Began as an Octopode Shapeshifter on Dec 18, 2023.
             Slain by a black bear (5 damage)
             ... on level 4 of the Dungeon.
             The game lasted 00:01:44 (1595 turns).

LeprechaunX the Changeling (Octopode Shapeshifter)  Turns: 1595, Time: 00:01:45

Health: -1/34      AC:  1    Str: 13    XL:     5   Next: 12%
Magic:  5/5        EV: 13    Int: 12    God:
Gold:   108        SH:  0    Dex: 14    Spells: 4/4 levels left

rFire   . .          .
                       - Unarmed
rCold   . . .        (no shield)
rNeg    . . .        (helmet currently unavailable)
rPois   .            (no amulet)
rElec   .            t - ring of see invisible
rCorr   .            (no ring)
SInv    +            (no ring)
Will    .....        (no ring)
Stlth   ++           (no ring)
HPRegen 0.25/turn    (no ring)
MPRegen 0.09/turn    (no ring)
                     (no ring)

%: no passive effects
@: beast-form
A: beast (slay +2), almost no armour, amphibious, 8 rings, camouflage 1,
gelatinous body 1, (nimble swimmer 1), tentacles
a: Begin Untransformation


You were on level 4 of the Dungeon.
You were a hulking beast.
You visited 1 branch of the dungeon, and saw 4 of its levels.

You collected 108 gold pieces.

Inventory:

Hand Weapons
 h - a +0 sling
Missiles
 m - 5 darts of dispersal
 n - 6 curare-tipped darts
Jewellery
 t - a ring of see invisible (left tentacle)
 v - a +6 ring of dexterity
Talismans
 b - a beast talisman
 c - a flux talisman
 s - a blade talisman
Scrolls
 d - a scroll of fear {unknown}
 e - 2 scrolls of enchant weapon {unknown}
 f - a scroll of revelation {unknown}
 g - 3 scrolls of teleportation {unknown}
 i - a scroll of noise {unknown}
 k - a scroll of amnesia {unknown}
 o - 2 scrolls of fog {unknown}
 p - a scroll of poison {unknown}
 q - a scroll of acquirement {unknown}
 r - a scroll of identify {unknown}
Potions
 a - 2 potions of lignification
 j - 2 potions of heal wounds {unknown}
 l - a potion of cancellation {unknown}
 u - a potion of might {unknown}


   Skills:
 + Level 2.2 Fighting
 + Level 1.5 Throwing
 - Level 2.0 Dodging
 + Level 3.6 Unarmed Combat
 * Level 4.1 Shapeshifting


You had 4 spell levels left.
You didn't know any spells.
Your spell library contained the following spells:

 Spells                   Type           Power      Damage    Failure   Level
 Apportation              Tloc           0%         N/A       32%         1
 Necrotise                Necr           0%         1d4       32%         1
 Summon Small Mammal      Summ           0%         N/A       32%         1
 Sublimation of Blood     Necr           0%         N/A       45%         2
 Petrify                  Tmut/Erth      0%         N/A       97%         4
 Irradiate                Conj/Tmut      0%         3d11      100%        5


Dungeon Overview and Level Annotations

Branches:
Dungeon (4/15)
 Temple: D:4-7

Altars:
Okawaru


Innate Abilities, Weirdness & Mutations

You are a hulking beast.
Your limbs bulge with bestial killing power. (Slay +2)
You cannot wear most types of armour.
You are amphibious.
You can wear up to eight rings at the same time.
Your skin changes colour to match your surroundings (Stealth+).
Your rubbery body absorbs attacks. (AC +1, EV +1)
((You are camouflaged when in or above water. (Stealth+)))
You have tentacles for arms and can constrict up to eight enemies at once.


Message History

The adder is severely wounded.
You constrict the adder. The adder bites you.
You tentacle-slap the adder.
You kill the adder!
The ball python closely misses you. The ball python grabs you.
The ball python constricts you.
You tentacle-slap the ball python but do no damage.
Your grab misses the ball python. Your squeeze misses the ball python.
The ball python bites you. The ball python constricts you.
You closely miss the ball python. You grab the ball python.
You constrict the ball python. The ball python bites you.
The ball python constricts you.
You bludgeon the ball python!
You kill the ball python!
Unknown command.
HP restored.
A black bear comes into view.
A black bear is nearby!
A black bear is nearby!
A black bear is nearby!
A black bear is nearby!
The black bear bites you. The black bear barely misses you. x2
You tentacle-slap the black bear but do no damage.
Your grab misses the black bear. The black bear bites you.
The black bear closely misses you. The black bear claws you.
You tentacle-slap the black bear. You grab the black bear.
The black bear is lightly wounded.
You constrict the black bear. The black bear bites you.
The black bear claws you. x2
You are too injured to fight recklessly!
You are too injured to fight recklessly!
You are too injured to fight recklessly!
You tentacle-slap the black bear but do no damage.
You squeeze the black bear!
The black bear is severely wounded.
You constrict the black bear. The black bear bites you!
* * * LOW HITPOINT WARNING * * *
The black bear claws you but does no damage.
The black bear claws you.
You die...

### ..# #.# #.# #h#
.. #.# #h# #...##.#
#.#######
#....#.####........
#..#.#.##........##
#..#.#.##.######.#
####....#.##.######.#
....................
............###..##.
######.###.# .#


You could see a black bear.

Vanquished Creatures
  A hound (D:3)
  An orc wizard (D:3)
  2 adders
  3 worms
  2 dart slugs
  3 orcs (D:3)
  5 endoplasms
  2 goblins (D:2)
  A hobgoblin (D:1)
  3 jackals (D:2)
  3 quokkas
  5 ball pythons
  2 bats
  2 frilled lizards (D:2)
  5 kobolds
  3 rats
43 creatures vanquished.

Notes
Turn   | Place    | Note
-------+----------+-------------------------------------------
     0 | D:1      | LeprechaunX the Octopode Shapeshifter began the quest for
                  | the Orb.
     0 | D:1      | Reached XP level 1. HP: 13/13 MP: 1/1
    72 | D:1      | Found a faded altar of an unknown god.
   131 | D:1      | Reached XP level 2. HP: 16/18 MP: 2/2
   537 | D:2      | Reached XP level 3. HP: 23/23 MP: 3/3
  1057 | D:3      | Reached skill level 1 in Throwing
  1057 | D:3      | Reached XP level 4. HP: 20/29 MP: 4/4
  1096 | D:3      | Found an iron altar of Okawaru.
  1165 | D:3      | Reached skill level 4 in Shapeshifting
  1257 | D:3      | Reached XP level 5. HP: 21/34 MP: 5/5
  1589 | D:4      | Noticed a black bear
  1595 | D:4      | Slain by a black bear

Illustrated notes

Levels and vault maps discovered:
D:1:      lightli_iron_boxes, layout_rooms, basic_ecumenical_altar
D:2:      layout_rooms
D:3:      layout_basic, mainiacjoe_overflow_small_starburst
D:4:      layout_loops_ring, kiku_gazebo_pond_becter, uniq_crazy_yiuf_cottage

Skill      XL: |  1  2  3  4 |
---------------+-------------+-----
Fighting       | 2 |  2.2
Throwing       | 1 |  1.5
Shapeshifting  | 4 |  4.1
Dodging        | |  2.0
Unarmed Combat | |  3.6

Action                     |  1- 3 |  4- 6 || total
---------------------------+-------+-------++-------
  Melee: Unarmed           |    54 |    32 ||    86
         Tentacles         |    14 |    11 ||    25
         Constrict         |    12 |     9 ||    21
         Punch             |     1 |       ||     1
   Stab: Sleeping          |     2 |     2 ||     4
 Armour: Skin              |    13 |    23 ||    36
  Dodge: Dodged            |    35 |    17 ||    52

Table legend: (Time is in decaauts)
 A = Elapsed time spent in this place.
 B = Non-inter-level travel time spent in this place.
 C = Inter-level travel time spent in this place.
 D = Time resting spent in this place.
 E = Time spent auto-exploring this place.
 F = Levels seen in this place.
 G = Mean time per level.
                   A        B        C        D        E       F      G
               +--------+--------+--------+--------+--------+-----+--------+
         Total |   1588 |   1506 |     82 |      0 |   1220 |   4 |  397.0 |
       Dungeon |   1588 |   1506 |     82 |      0 |   1220 |   4 |  397.0 |
               +--------+--------+--------+--------+--------+-----+--------+

Top non-repeatable levels by time:
     D:3: 617 daAuts
     D:1: 460 daAuts
     D:2: 431 daAuts
     D:4: 79 daAuts
